 Dungeon Crawl Stone Soup version 0.32-a0-656-g3542139ebd (webtiles) character file.

Game seed: 2310708711908919196

5091 runemasterragnar the Carver (level 10, -6/79 HPs)
             Began as a Coglin Gladiator on Mar 9, 2024.
             Was an Initiate of Wu Jian.
             Mangled by Erica
             ... wielding a +2 scimitar of flaming
              (11 damage)
             ... on level 9 of the Dungeon.
             The game lasted 00:12:42 (9375 turns).

runemasterragnar the Carver (Coglin Gladiator)      Turns: 9375, Time: 00:12:43

Health: -6/79      AC: 11    Str: 19    XL:     10   Next: 57%
Magic:  10/10      EV: 11    Int:  8    God:    Wu Jian [......]
Gold:   500        SH:  0    Dex: 15    Spells: 9/9 levels left

rFire   . . .        k - +3 scimitar {Bunsong}
rCold   . . .        r - +2 long sword {Renate}
rNeg    . . .        u - +0 scale mail
rPois   .            c - +0 helmet
rElec   .            E - +0 cloak
rCorr   .            o - +0 pair of gloves
SInv    .            (no boots)
Will    .....        (amulet unavailable) Stlth
                     (ring unavailable)
HPRegen 0.33/turn    (ring unavailable)
MPRegen 0.12/turn    (no gizmo)

%: no passive effects
@: mighty, revving
A: off-hand wielding, slow wielding, warmup strikes, no jewellery, MP-powered
wands
a: Invent Gizmo, Renounce Religion


You were on level 9 of the Dungeon.
You worshipped Wu Jian.
Wu Jian was noncommittal.
You visited 2 branches of the dungeon, and saw 10 of its levels.
You also visited: Ossuary.

You collected 500 gold pieces.

Inventory:

Hand Weapons
 a - a +1 long sword {Hideko}
 f - a +0 dagger {Rubén}
 i - a +0 falchion {Armando}
 k - a +3 scimitar (weapon) {Bunsong}
 r - a +2 long sword (offhand) {Renate}
Missiles
 b - 11 poisoned darts
 d - 4 throwing nets (quivered)
 e - a javelin
 v - 8 boomerangs
Armour
 c - a +0 helmet (worn)
 o - a +0 pair of gloves (worn)
 u - a +0 scale mail (worn)
 y - a +0 pair of gloves
 E - a +0 cloak (worn)
Talismans
 A - the death talisman of Starshine {Str+2 Dex+3 Stlth+}
   (You found it on level 6 of the Dungeon)

   [talisman of death]

   Str+2:     It affects your strength (+2).
   Dex+3:     It affects your dexterity (+3).
   Stlth+:    It makes you more stealthy.
Wands
 z - a wand of polymorph (5)
 F - a wand of digging (4)
Scrolls
 m - a scroll of immolation
 n - 2 scrolls of amnesia
 s - 2 scrolls of fear
 t - a scroll of enchant weapon
 w - a scroll of torment
 x - 2 scrolls of revelation
 D - 2 scrolls of identify
 G - a scroll of teleportation
Potions
 g - 2 potions of resistance
 h - a potion of haste
 l - 2 potions of curing
 p - a potion of cancellation
 q - 3 potions of mutation
 B - a potion of attraction
 C - 2 potions of lignification


   Skills:
 + Level 7.1 Fighting
 * Level 10.2 Long Blades
 + Level 6.4 Throwing
 + Level 6.1 Armour
 - Level 2.6 Dodging


You had 9 spell levels left.
You didn't know any spells.
Your spell library contained the following spells:

 Spells                   Type           Power      Damage    Failure   Level
 Call Imp                 Summ           0%         N/A       87%         2
 Sublimation of Blood     Necr           0%         N/A       87%         2
 Tukima's Dance           Hex            0%         N/A       98%         3
 Passage of Golubria      Tloc           0%         N/A       100%        4
 Yara's Violent Unravell  Hex/Alch       0%         3d3       100%        5
 Summon Hydra             Summ           0%         N/A       100%        7


Dungeon Overview and Level Annotations

Branches:
Dungeon (9/15)             Temple (1/1) D:7         Ossuary (visited)
   Lair: D:8-11         Orc: D:9-12

Altars:
Ashenzari
Dithmenos
Elyvilon
Fedhas
Gozag
Hepliaklqana
Kikubaaqudgha
Makhleb
Nemelex Xobeh
Okawaru
Qazlal
Ru
Sif Muna
Uskayaw
Vehumet
Wu Jian
Xom
Yredelemnul
Zin
The Shining One

Annotations:
D:3 2 runed translucent doors, ezpacito's ghost, amateur CoCK
D:8 2 transporters, ForkInBrain's ghost, novice TeAE
D:9 Erica


Innate Abilities, Weirdness & Mutations

You can wield a second weapon in your off-hand.
It takes a long time for you to wield or remove held weapons.
Your first few attacks do less damage.
You cannot equip rings or amulets.
You expend magic power (3 MP) to strengthen your wands.


Message History

You are constricted.
* * * LOW HITPOINT WARNING * * *
Unknown command.
You feel better. Something hits you.
* * * LOW HITPOINT WARNING * * *
Something burns you.
* * * LOW HITPOINT WARNING * * *
You are constricted.
* * * LOW HITPOINT WARNING * * *
Unknown command.
Unknown command.
You escape Erica's grasp.
Unknown command.
You feel much better.
You hear some strange, mumbled words.
A bolt of poison appears from out of thin air!
The bolt of poison hits you!!
You are poisoned.
* * * LOW HITPOINT WARNING * * *
* * * LOW HITPOINT WARNING * * *
You feel very sick. Something hits you.
* * * LOW HITPOINT WARNING * * *
Something burns you.
* * * LOW HITPOINT WARNING * * *
Unknown command.
Unknown command.
You feel better. Something hits you!
* * * LOW HITPOINT WARNING * * *
Something burns you.
* * * LOW HITPOINT WARNING * * *
Unknown command.
Okay, then.
Okay, then.
Okay, then.
Unknown command.
You closely miss something with your +2 long sword.
You barely miss something with your +3 scimitar.
Something hits you!
You die...

######### #........
########### #.........
..........####.....)...
......{..^#..'.........
.......@..'.##...>.....
..........####.........
..........# #.........
..........# #.........
####+###### #.........
##..###### #####+#####
####....####
#.........#
#...........
#.........#
#...........


There were no monsters in sight!

Vanquished Creatures
  An ugly thing (D:9)
  2 hornets
  Grinder (D:4)
  3 yaks (D:9)
  2 steam dragons
  2 sky beasts (D:7)
  2 orc warriors
  An ice beast (D:5)
  A black bear (D:4)
  3 ogres
  2 centaurs
  2 phantoms
  A bullfrog (D:7)
  2 kobold brigands (D:8)
  4 scorpions
  2 water moccasin zombies (Ossuary)
  3 wights (D:7)
  A burial acolyte (Ossuary)
  4 killer bees (D:5)
  6 electric eels (D:6)
  A howler monkey (D:9)
  A bombardier beetle (D:6)
  A jelly (D:5)
  A spectral scorpion (Ossuary)
  6 orc priests
  5 hounds
  5 iguanas
  2 sleepcaps
  9 orc wizards
  A bullfrog simulacrum (Ossuary)
  2 mummies (Ossuary)
  6 gnolls (D:4)
  10 adders
  2 shadow imps (D:8)
  A white imp (D:8)
  An ufetubus (D:8)
  3 adder zombies (Ossuary)
  A dart slug (D:2)
  2 ribbon worms (D:5)
  30 orcs
  3 endoplasms
  2 giant cockroaches (D:1)
  3 goblins
  4 hobgoblins
  3 quokkas
  4 ball pythons
  5 bats
  7 frilled lizards
  13 gnoll zombies (Ossuary)
  2 jackal zombies (Ossuary)
  13 kobolds
  5 orc zombies (Ossuary)
  9 rats
208 creatures vanquished.

Vanquished Creatures (others)
  An orc (D:6)
1 creature vanquished.

Grand Total: 209 creatures vanquished

Notes
Turn   | Place    | Note
-------+----------+-------------------------------------------
     0 | D:1      | runemasterragnar the Coglin Gladiator began the quest for
                  | the Orb.
     0 | D:1      | Reached XP level 1. HP: 16/16 MP: 1/1
   230 | D:1      | Reached XP level 2. HP: 22/22 MP: 2/2
   246 | D:1      | Found a faded altar of an unknown god.
   527 | D:2      | Reached XP level 3. HP: 28/28 MP: 3/3
   560 | D:2      | Reached skill level 1 in Armour
   907 | D:2      | Reached XP level 4. HP: 27/34 MP: 4/4
  1236 | D:3      | Found a hazy altar of Hepliaklqana.
  1286 | D:3      | Reached skill level 4 in Long Blades
  1324 | D:3      | Found a glowing golden altar of the Shining One.
  1324 | D:3      | Found a burning altar of Makhleb.
  1324 | D:3      | Found a shimmering altar of Xom.
  1324 | D:3      | Found a blossoming altar of Fedhas.
  1324 | D:3      | Found a broken altar of Ashenzari.
  1329 | D:3      | Found a sparkling altar of Nemelex Xobeh.
  1331 | D:3      | Found a sacrificial altar of Ru.
  1353 | D:3      | Found a hide-covered altar of Uskayaw.
  1353 | D:3      | Found a stormy altar of Qazlal.
  1622 | D:3      | Found a runed translucent door.
  1629 | D:3      | Noticed ezpacito's ghost (amateur CoCK)
  1653 | D:3      | Found a runed translucent door.
  2062 | D:4      | Noticed Grinder
  2063 | D:4      | Paralysed by Grinder for 4 turns
  2077 | D:4      | Killed Grinder
  2078 | D:4      | Reached XP level 5. HP: 37/41 MP: 5/5
  2078 | D:4      | Reached XP level 6. HP: 42/47 MP: 6/6
  2089 | D:4      | Found a sand-covered staircase.
  2098 | Ossuary  | Entered an ossuary
  2127 | Ossuary  | Reached skill level 5 in Long Blades
  2212 | Ossuary  | Reached XP level 7. HP: 49/53 MP: 7/7
  2935 | D:4      | Reached skill level 6 in Long Blades
  3494 | D:4      | Reached XP level 8. HP: 15/61 MP: 8/8
  3732 | D:5      | Entered Level 5 of the Dungeon
  3765 | D:5      | Gained mutation: You expend magic power (3 MP) to
                  | strengthen your wands. [potion of mutation]
  4177 | D:5      | Reached skill level 7 in Long Blades
  4267 | D:5      | Reached skill level 5 in Fighting
  4955 | D:6      | Reached XP level 9. HP: 68/68 MP: 9/9
  5089 | D:6      | Identified the death talisman of Starshine {Str+2 Dex+3
                  | Stlth+}
  5117 | D:6      | Reached skill level 8 in Long Blades
  5133 | D:6      | Reached skill level 5 in Throwing
  6473 | D:7      | Reached skill level 5 in Armour
  7293 | D:7      | Noticed a hornet
  7300 | D:7      | Killed a hornet
  7301 | D:7      | Reached skill level 9 in Long Blades
  7684 | D:7      | Reached XP level 10. HP: 48/74 MP: 10/10
  7849 | D:7      | Found a staircase to the Ecumenical Temple.
  7952 | Temple   | Entered the Ecumenical Temple
  7959 | Temple   | Became a worshipper of the Wu Jian Council
  8541 | D:8      | Found a glowing silver altar of Zin.
  8562 | D:8      | Noticed a boulder beetle
  8566 | D:8      | Noticed ForkInBrain's ghost (novice TeAE)
  8637 | D:8      | Found a transporter.
  8640 | D:8      | Found a transporter.
  9318 | D:9      | Reached skill level 10 in Long Blades
  9360 | D:9      | Noticed a cyan ugly thing
  9361 | D:9      | Noticed Erica
  9368 | D:9      | Killed a cyan ugly thing
  9375 | D:9      | Mangled by Erica

Illustrated notes

Levels and vault maps discovered:
D:1:      beargit_arrival_greenhouse, layout_rooms,
          hellmonk_ecumenical_altar_blasted
D:2:      layout_loops_ring
D:3:      layout_loops_ring, minitemple,
          chequers_temple_overflow_statue_of_worship, ebering_ghost_sewer_f,
          amcnicky_mini_rare_corridor_liquid
D:4:      black_bear_nest_1, layout_basic, nicolae_ossuary_entry_monument,
          uniq_grinder
D:5:      layout_loops_ring, guppyfry_early_orc_mine
D:6:      layout_loops_ring, kennysheep_boxes
D:7:      layout_rooms, minmay_temple_entry_statues_pillars
D:8:      layout_loops_ring, overflow_temple_1_default, serial_demonic,
          serial_demonic_f, serial_demonic_f, serial_demonic_g,
          serial_demonic_g, gammafunk_ghost_arena
D:9:      layout_roguey, uniq_erica
Temple:   nicolae_temple_cloud_nine

Skill      XL: |  1  2  3  4  5  6  7  8  9 10 |
---------------+-------------------------------+-----
Throwing       | 2 3 4 5 6 |  6.4
Armour         | 1 2 3 4 5 6 |  6.1
Long Blades    | 4 5 6 7 9 10 | 10.2
Fighting       | 3 4 5 6 7 |  7.1
Dodging        | |  2.6

Action                     |  1- 3 |  4- 6 |  7- 9 | 10-12 || total
---------------------------+-------+-------+-------+-------++-------
  Melee: Long sword        |    41 |   100 |   284 |    75 ||   500
         Falchion          |    37 |   100 |   267 |     7 ||   411
         Dagger            |     3 |       |       |       ||     3
         Scimitar          |       |       |       |    80 ||    80
  Throw: Throwing net      |       |     4 |     2 |       ||     6
         Dart              |       |       |    22 |       ||    22
         Boomerang         |       |       |    13 |       ||    13
Ability: Lunge             |       |       |       |     6 ||     6
    Use: Scroll            |     4 |     3 |     5 |     2 ||    14
         Potion            |       |       |    16 |     4 ||    20
 Armour: Leather armour    |     3 |       |       |       ||     3
         Ring mail         |    27 |    42 |       |       ||    69
         Scale mail        |       |    45 |   261 |    76 ||   382
         Skin              |       |       |    22 |       ||    22
  Dodge: Dodged            |    37 |    70 |   175 |    34 ||   316

Table legend: (Time is in decaauts)
 A = Elapsed time spent in this place.
 B = Non-inter-level travel time spent in this place.
 C = Inter-level travel time spent in this place.
 D = Time resting spent in this place.
 E = Time spent auto-exploring this place.
 F = Levels seen in this place.
 G = Mean time per level.
                   A        B        C        D        E       F      G
               +--------+--------+--------+--------+--------+-----+--------+
         Total |   9401 |   9059 |    342 |   1955 |   5515 |  11 |  854.6 |
       Dungeon |   8960 |   8618 |    342 |   1855 |   5312 |   9 |  995.6 |
        Temple |     14 |     14 |      0 |      0 |      0 |   1 |   14.0 |
       Ossuary |    426 |    426 |      0 |    100 |    203 |   1 |  426.0 |
               +--------+--------+--------+--------+--------+-----+--------+

Top non-repeatable levels by time:
     D:6: 1960 daAuts
     D:5: 1548 daAuts
     D:4: 1301 daAuts
     D:7: 1064 daAuts
     D:8: 886 daAuts
     D:3: 858 daAuts
     D:2: 713 daAuts
     D:1: 460 daAuts
 Ossuary: 426 daAuts
     D:9: 168 daAuts
  Temple: 14 daAuts
